AoeStats
← Vicho

Highland

506270497Analyzed
2v2 RM · 18d ago on Sep 13, 2026· 79m 26s· 4 players
Game mode
Random Map
Map size
Medium (4 player)
Population
200
Speed
Normal
Resources
Standard
Victory
Conquest
Starting age
Dark Age
Ending age
Imperial Age
RankedLock teamsTeams togetherTeam positionsShared explorationLock speedFull tech treeHidden civsTurbo modeCheats
Victory
Defeat
🇨🇱 Wei · Chile
592
+19
🇨🇱 Bohemians · Chile
589
+19
🇦🇷 Vietnamese · Argentina
680
-20
🇦🇷 Khmer · Argentina
621
-18
Vicho
0:26 Loom
13:22 Feudal Age
17:34 Double-Bit Axe
19:46 Horse Collar
24:33 Castle Age
25:39 Heavy Plow
26:20 Caravan
29:26 Pikeman
33:14 Bow Saw
38:40 Imperial Age
40:37 Fletching
40:47 Padded Archer Armor
41:43 Conscription
43:00 Chemistry
41:25 Elite Hussite Wagon
44:09 Wagenburg Tactics
44:43 Bodkin Arrow
45:03 Leather Archer Armor
45:32 Houfnice
46:42 Houfnice
70:53 Halberdier
71:33 Squires
71:18 Arson
71:37 Bracer
72:07 Ring Archer Armor
78:54 Spies/Treason
Whalter
0:38 Loom
14:11 Feudal Age
15:46 Horse Collar
15:55 Double-Bit Axe
16:24 Stone Mining
16:39 Gold Mining
19:14 Wheelbarrow
23:46 Castle Age
25:40 Gold Shaft Mining
25:43 Stone Shaft Mining
25:11 Heavy Plow
25:26 Bow Saw
34:05 Imperial Age
33:05 Tuntian
33:49 Hand Cart
35:54 Scale Barding Armor
35:51 Scale Mail Armor
36:02 Forging
40:00 Ming Guang Armor
40:05 Chain Barding Armor
46:22 Chain Mail Armor
46:43 Iron Casting
45:33 Elite Tiger Cavalry
54:27 Blast Furnace
53:38 Pikeman
54:19 Squires
54:04 Arson
59:28 Halberdier
70:56 Conscription
agusstre
0:36 Loom
9:16 Feudal Age
10:36 Double-Bit Axe
10:49 Horse Collar
20:48 Castle Age
20:57 Stone Mining
20:58 Gold Mining
21:08 Gold Mining
21:48 Bow Saw
24:13 Gold Shaft Mining
25:01 Stone Shaft Mining
26:43 Heavy Plow
33:23 Imperial Age
34:16 Wheelbarrow
33:28 Town Watch
34:41 Crop Rotation
35:20 Hand Cart
37:07 Caravan
38:53 Chemistry
37:45 Heated Shot
39:01 Town Patrol
39:24 Ballistics
39:01 Murder Holes
40:04 Redemption
41:49 Siege Engineers
42:10 Conscription
43:20 Fervor
43:34 Sanctity
43:47 Illumination
43:19 Herbal Medicine
44:00 Theocracy
44:57 Double Crossbow
47:16 Elite Cannon Galleon
50:55 Hoardings
49:50 Sappers
51:48 Masonry
51:36 Fletching
51:47 Padded Archer Armor
51:48 Scale Mail Armor
52:13 Heavy Scorpion
53:45 Bodkin Arrow
54:17 Devotion
56:50 Leather Archer Armor
56:36 Bracer
63:51 Architecture
66:33 Elite Ballista Elephant
74:50 Scale Barding Armor
75:01 Chain Mail Armor
74:57 Forging
75:17 Ring Archer Armor
olivera.mariano
6:18 Loom
10:32 Feudal Age
11:47 Wheelbarrow
10:59 Double-Bit Axe
10:55 Horse Collar
20:49 Castle Age
19:13 Stone Mining
19:37 Padded Archer Armor
19:57 Gold Mining
21:26 Scale Mail Armor
21:49 Bow Saw
22:48 Fletching
22:47 Elite Skirmisher
24:20 Stone Shaft Mining
24:54 Hand Cart
26:04 Leather Archer Armor
26:21 Town Watch
27:04 Murder Holes
29:07 Town Patrol
31:44 Chain Mail Armor
32:34 Bodkin Arrow
37:08 Imperial Age
35:02 Pikeman
38:29 Paper Money
38:02 Elite Fire Lancer
40:20 Plate Mail Armor
40:20 Ring Archer Armor
41:25 Halberdier
42:23 Onager
51:03 Bracer
52:39 Chemistry
53:46 Imperial Skirmisher
68:59 Two-Man Saw
Connection lost

Rejoining the realm…

Still unreachable

The connection could not be restored.

Session expired

The server has moved on; the page needs a fresh start.